 Dungeon Sprint DCSS version 0.29.1-2-gbd0b4ee654 (webtiles) character file.

Game seed: 3783686543405423839

3400000 Zeld the Conqueror (level 20, -34/197 HPs)
             Began as a Demonspawn Monk on Oct 28, 2022.
             Was the Champion of Makhleb.
             Annihilated by a destroyer
             ... wielding a +9 vorpal great sword
              (203 damage)
             ... in the Dungeon (Sprint VIII: "Arena of Blood").
             The game lasted 00:00:42 (34 turns).

Zeld the Conqueror (Demonspawn Monk)                  Turns: 34, Time: 00:00:43

Health: -34/197    AC:  5    Str: 18    XL:     20   Next: 55%
Magic:  29/33      EV: 33    Int: 14    God:    Makhleb [******]
Gold:   0          SH:  0    Dex: 16    Spells: 37/37 levels left

rFire   . . .      SeeInvis .   i - +∞ Axe of Woe
rCold   . . .      Faith    .   (shield currently unavailable)
rNeg    . . .      Spirit   .   a - +0 robe
rPois   .          Reflect  .   (no helmet)
rElec   .          Harm     .   (no cloak)
rCorr   .          Rampage  .   (gloves unavailable)
Will    ++...      NoTele   +   (no boots)
Stlth   ++++++++++              (no amulet)
HPRegen 0.42/turn               (no ring)
MPRegen 0.23/turn               (no ring)

@: agile
A: claws 3, icy blue scales 2, powered by pain 2, spiny 3, torment resistance 1,
demonic willpower
a: Renounce Religion, Minor Destruction, Lesser Servant of Makhleb, Major
Destruction, Greater Servant of Makhleb


You were in the Dungeon.
You worshipped Makhleb.
Makhleb was exalted by your worship.
You visited 1 branch

Inventory:

Hand Weapons
 i - the +∞ Axe of Woe (weapon)
   (You found it in the Dungeon)
Armour
 a - a +0 robe (worn)
Scrolls
 h - a scroll of blinking
Potions
 b - a potion of ambrosia
 c - a potion of curing
 d - a potion of heal wounds
 e - a potion of haste
 f - 2 potions of magic
 g - a potion of berserk rage


   Skills:
 O Level 27 Fighting
 + Level 9.4(11.1) Short Blades
 + Level 9.4(11.1) Long Blades
 O Level 27 Axes
 + Level 9.4(20.6) Maces & Flails
 + Level 9.4(20.6) Polearms
 + Level 9.4(12.5) Staves
 + Level 9.4 Ranged Weapons
 + Level 9.4 Throwing
 + Level 9.4 Armour
 O Level 27 Dodging
 O Level 27 Stealth
 + Level 9.4 Shields
 O Level 27 Unarmed Combat
 + Level 9.4 Spellcasting
 + Level 10.2 Conjurations
 + Level 11.4 Hexes
 + Level 10.2 Summonings
 + Level 11.1 Necromancy
 + Level 9.4 Translocations
 + Level 9.4 Transmutations
 + Level 10.5 Fire Magic
 + Level 10.5 Ice Magic
 + Level 10.5 Air Magic
 + Level 10.5 Earth Magic
 + Level 11.4 Poison Magic
 + Level 14.5 Invocations
 + Level 11.4 Evocations


You had 37 spell levels left.
You didn't know any spells.
Your spell library was empty.

Dungeon Overview and Level Annotations

Branches:
Dungeon (1/1)

Altars:
Makhleb


Innate Abilities, Weirdness & Mutations

You have claws for hands.
You are mostly covered in icy blue scales. (AC +3)
You sometimes gain power by taking damage.
You are completely covered in sharp spines.
You are resistant to unholy torment.
You punish those that try to bend your will. (Will+)


Message History

Your Air Magic skill gained 3 levels and is now at level 10!
Your Earth Magic skill gained 3 levels and is now at level 10!
Your Poison Magic skill gained 2 levels and is now at level 10!
Your Invocations skill gained 2 levels and is now at level 13!
Your Evocations skill gained 2 levels and is now at level 10!
You have reached level 20!
You feel clever.
Your demonic ancestry asserts itself...
Your hands twist into claws.
You slice the bag of meat!!
You fatally mangle the bag of meat.
You kill the bag of meat!
Makhleb accepts your kill.
You feel better.
You slash the bag of meat!
You hew the bag of meat savagely.
You kill the bag of meat!
Makhleb accepts your kill.
You feel better.
You are engulfed in blazing flames.
You hear a shout! x6
Your base Short Blades skill increases to level 9!
Your base Maces & Flails skill increases to level 9!
Your base Polearms skill increases to level 9!
Your Shields skill increases to level 9!
Your Spellcasting skill increases to level 9!
Your Conjurations skill increases to level 10!
Your Hexes skill increases to level 11!
Your Summonings skill increases to level 10!
Your Necromancy skill increases to level 11!
Your Translocations skill increases to level 9!
Your Transmutations skill increases to level 9!
Your Poison Magic skill increases to level 11!
Your Invocations skill increases to level 14!
Your Evocations skill increases to level 11!
Unknown command.
Unknown command. 2 large bags of meat and a bag of meat come into view.
You hear a shout! x3
A bag of meat comes into view. It is wielding a +9 war axe.
You hear a shout! x3
The destroyer is engulfed in blazing flames.
The destroyer hits you with a +9 vorpal great sword!!!!!
Ouch! That really hurt!
You die...

.. ....O #..
...# #.. ...# .
.###.z .o.###..
.....o###......
......_.....
#..)o.# #_)o@_#
#.§§§V#
.....§°§z......
.....o###......
.###.. .V.###..
#.. ...# . #.
.O.# o. .....
.. ..


You could see 2 destroyers, 2 sculptors of flesh, 2 large bags of meat and 5
bags of meat.

Vanquished Creatures
  3 vampire knights (D)
  8 ogres (D)
  2 two-headed ogres (D)
  27 orcs (D)
40 creatures vanquished.

Notes
Turn   | Place    | Note
-------+----------+-------------------------------------------
     0 | D        | Found the +∞ Axe of Woe
     0 | D        | Zeld the Demonspawn Monk began the quest for the Orb.
     0 | D        | Reached XP level 1. HP: 18/18 MP: 1/1
     2 | D        | Noticed a bag of meat
     3 | D        | Noticed a bag of meat
     3 | D        | Noticed a bag of meat
     4 | D        | Became a worshipper of Makhleb the Destroyer
     4 | D        | Reached * piety under Makhleb
     4 | D        | Reached ** piety under Makhleb
     4 | D        | Noticed a bag of meat
     5 | D        | Noticed a bag of meat
     6 | D        | Noticed a bag of meat
     7 | D        | Killed a bag of meat
     7 | D        | Noticed a bag of meat
     8 | D        | Reached skill level 15 in Fighting
     8 | D        | Gained mutation: You are partially covered in sharp spines.
                  | [demonic ancestry]
     8 | D        | Reached XP level 2. HP: 44/44 MP: 2/2
     8 | D        | Gained mutation: You are mostly covered in sharp spines.
                  | [demonic ancestry]
     8 | D        | Reached XP level 3. HP: 50/50 MP: 3/3
     8 | D        | Gained mutation: You sometimes gain a little power by
                  | taking damage. [demonic ancestry]
     8 | D        | Reached XP level 4. HP: 57/57 MP: 4/4
     8 | D        | Gained mutation: You are partially covered in icy blue
                  | scales. (AC +2) [demonic ancestry]
     8 | D        | Reached XP level 5. HP: 63/63 MP: 5/5
     8 | D        | Gained mutation: You have sharp fingernails. [demonic
                  | ancestry]
     8 | D        | Reached XP level 6. HP: 70/70 MP: 6/6
     8 | D        | Reached XP level 7. HP: 76/76 MP: 7/7
     8 | D        | Gained mutation: You have very sharp fingernails. [demonic
                  | ancestry]
     8 | D        | Reached XP level 8. HP: 83/83 MP: 8/8
     8 | D        | Reached XP level 9. HP: 89/89 MP: 9/9
     8 | D        | Gained mutation: You sometimes gain power by taking damage.
                  | [demonic ancestry]
     8 | D        | Reached XP level 10. HP: 96/96 MP: 10/10
     8 | D        | Killed a bag of meat
     8 | D        | Noticed a meat berserker
     8 | D        | Noticed a bag of meat
     8 | D        | Noticed a bag of meat
     8 | D        | Noticed a bag of meat
     9 | D        | Reached skill level 1 in Axes
     9 | D        | Reached skill level 15 in Dodging
     9 | D        | Reached skill level 15 in Unarmed Combat
     9 | D        | Reached XP level 11. HP: 107/107 MP: 11/11
     9 | D        | Killed a bag of meat
     9 | D        | Killed a bag of meat
     9 | D        | Reached *** piety under Makhleb
     9 | D        | Killed a bag of meat
     9 | D        | Noticed a bag of meat
    10 | D        | Gained mutation: You are completely covered in sharp
                  | spines. [demonic ancestry]
    10 | D        | Reached XP level 12. HP: 122/122 MP: 12/12
    10 | D        | Gained mutation: You are mostly covered in icy blue scales.
                  | (AC +3) [demonic ancestry]
    10 | D        | Reached XP level 13. HP: 128/128 MP: 13/13
    10 | D        | Noticed a meat berserker
    10 | D        | Noticed a meat berserker
    10 | D        | Noticed a meat berserker
    11 | D        | Noticed a bag of meat
    12 | D        | Noticed a bag of meat
    12 | D        | Killed a meat berserker
    12 | D        | Killed a bag of meat
    12 | D        | Reached **** piety under Makhleb
    12 | D        | Noticed a bag of meat
    13 | D        | Reached skill level 10 in Axes
    13 | D        | Gained mutation: You punish those that try to bend your
                  | will. (Will+) [demonic ancestry]
    13 | D        | Reached XP level 14. HP: 124/141 MP: 14/14
    13 | D        | Killed a meat berserker
    13 | D        | Killed a bag of meat
    13 | D        | Killed a bag of meat
    13 | D        | Reached ***** piety under Makhleb
    13 | D        | Noticed a bag of meat
    13 | D        | Noticed a bag of meat
    13 | D        | Noticed a bag of meat
    13 | D        | Noticed a bag of meat
    14 | D        | Reached skill level 10 in Stealth
    14 | D        | Reached XP level 15. HP: 99/153 MP: 15/15
    14 | D        | Killed a meat berserker
    14 | D        | Killed a meat berserker
    14 | D        | Noticed a meat berserker
    15 | D        | Gained mutation: You are resistant to unholy torment.
                  | [demonic ancestry]
    15 | D        | Reached XP level 16. HP: 166/166 MP: 16/16
    16 | D        | Noticed a destroyer
    17 | D        | Reached skill level 27 in Fighting
    18 | D        | Reached ****** piety under Makhleb
    19 | D        | Noticed a meat berserker
    19 | D        | Noticed a destroyer
    20 | D        | Reached XP level 17. HP: 124/174 MP: 17/17
    20 | D        | Killed a meat berserker
    20 | D        | Noticed a meat berserker
    21 | D        | Reached skill level 27 in Dodging
    21 | D        | Reached skill level 27 in Unarmed Combat
    21 | D        | Noticed a large bag of meat
    21 | D        | Noticed a meat berserker
    23 | D        | Noticed a large bag of meat
    23 | D        | Killed a destroyer
    23 | D        | Noticed a destroyer
    24 | D        | Reached skill level 27 in Axes
    24 | D        | Reached XP level 18. HP: 182/182 MP: 18/18
    24 | D        | Noticed a large bag of meat
    24 | D        | Noticed a destroyer
    25 | D        | Killed a meat berserker
    25 | D        | Killed a destroyer
    26 | D        | Reached skill level 27 in Stealth
    26 | D        | Killed a meat berserker
    27 | D        | Reached skill level 5 in Conjurations
    27 | D        | Reached skill level 5 in Summonings
    27 | D        | Reached skill level 5 in Necromancy
    27 | D        | Reached skill level 5 in Fire Magic
    27 | D        | Reached skill level 5 in Ice Magic
    27 | D        | Reached skill level 5 in Air Magic
    27 | D        | Reached skill level 5 in Earth Magic
    27 | D        | Reached XP level 19. HP: 189/189 MP: 18/26
    28 | D        | Reached skill level 5 in Short Blades
    28 | D        | Reached skill level 5 in Long Blades
    28 | D        | Reached skill level 5 in Maces & Flails
    28 | D        | Reached skill level 5 in Polearms
    28 | D        | Reached skill level 5 in Staves
    28 | D        | Reached skill level 5 in Ranged Weapons
    28 | D        | Reached skill level 5 in Throwing
    28 | D        | Reached skill level 5 in Armour
    28 | D        | Reached skill level 5 in Shields
    28 | D        | Reached skill level 5 in Spellcasting
    28 | D        | Reached skill level 5 in Translocations
    28 | D        | Reached skill level 5 in Transmutations
    28 | D        | Killed a meat berserker
    29 | D        | Noticed a destroyer
    32 | D        | Killed a large bag of meat
    32 | D        | Killed a destroyer
    32 | D        | Killed a large bag of meat
    33 | D        | Reached skill level 10 in Hexes
    33 | D        | Reached skill level 10 in Necromancy
    33 | D        | Reached skill level 10 in Fire Magic
    33 | D        | Reached skill level 10 in Ice Magic
    33 | D        | Reached skill level 10 in Air Magic
    33 | D        | Reached skill level 10 in Earth Magic
    33 | D        | Reached skill level 10 in Poison Magic
    33 | D        | Reached skill level 10 in Evocations
    33 | D        | Gained mutation: You have claws for hands. [demonic
                  | ancestry]
    33 | D        | Reached XP level 20. HP: 136/197 MP: 28/32
    34 | D        | Reached skill level 10 in Conjurations
    34 | D        | Reached skill level 10 in Summonings
    34 | D        | Noticed a large bag of meat
    34 | D        | Noticed a large bag of meat
    34 | D        | Annihilated by a destroyer

Illustrated notes

Levels and vault maps discovered:
D:        meatsprint

Skill      XL: |  1  2  3  4  5  6  7  8  9 10 11 12 13 14 15 16 17 18 19 20 |
---------------+-------------------------------------------------------------+-----
Fighting       | 15 17 20 22 24 26 27 | 27.0
Dodging        | 13 15 18 20 22 23 26 27 | 27.0
Stealth        | 6 7 8 9 10 11 13 23 27 | 27.0
Unarmed Combat | 13 15 18 20 22 23 26 27 | 27.0
Axes           | 1 7 10 13 16 22 27 | 27.0
Short Blades   | 4 8 9 |  9.4
Long Blades    | 4 9 |  9.4
Maces & Flails | 4 8 9 |  9.4
Polearms       | 4 8 9 |  9.4
Staves         | 4 9 |  9.4
Ranged Weapons | 4 9 |  9.4
Throwing       | 4 9 |  9.4
Armour         | 4 9 |  9.4
Shields        | 4 8 9 |  9.4
Spellcasting   | 4 8 9 |  9.4
Conjurations   | 5 9 10 | 10.2
Hexes          | 6 10 11 | 11.4
Summonings     | 5 9 10 | 10.2
Necromancy     | 5 10 11 | 11.1
Translocations | 4 8 9 |  9.4
Transmutations | 4 8 9 |  9.4
Fire Magic     | 5 10 | 10.5
Ice Magic      | 5 10 | 10.5
Air Magic      | 5 10 | 10.5
Earth Magic    | 5 10 | 10.5
Poison Magic   | 6 10 11 | 11.4
Invocations    | 8 13 14 | 14.5
Evocations     | 6 10 11 | 11.4

Action                   |  1- 3 |  4- 6 |  7- 9 | 10-12 | 13-15 | 16-18 | 19-21 || total
-------------------------+-------+-------+-------+-------+-------+-------+-------++-------
Melee: Executioner's axe |     1 |       |       |     2 |     3 |    10 |     5 ||    21
